 Dungeon Crawl Stone Soup version 0.31-a0-1074-g0b22e4e0f1 (webtiles) character file.

Game seed: 9885809254780262391

1633 quinnr the Zephyrmancer (level 8, -8/49 HPs)
             Began as a Tengu Air Elementalist on Dec 5, 2023.
             Was an Initiate of Vehumet.
             Mangled by an orc warrior
             ... wielding a +0 halberd
              (13 damage)
             ... on level 7 of the Dungeon.
             The game lasted 00:18:32 (8880 turns).

quinnr the Zephyrmancer (Tengu Air Elementalist)    Turns: 8880, Time: 00:18:33

Health: -8/49      AC:  4    Str:  8    XL:     8   Next: 98%
Magic:  6/13       EV: 17    Int: 17    God:    Vehumet [......]
Gold:   296        SH:  5    Dex: 16    Spells: 10/13 levels left

rFire   . . .        b - staff of conjuration {!a}
rCold   . . .        (no shield)
rNeg    . . .        o - +1 robe
rPois   .            (helmet restricted)
rElec   .            r - +0 cloak
rCorr   .            (no gloves)
SInv    .            (boots unavailable)
Will    .....        i - amulet of reflection
Stlth   ++           L - ring of flight
HPRegen 0.28/turn    (no ring)
MPRegen 0.13/turn

%: reflection, acrobat
@: about to teleport, flying
A: beak, talons 3, evasive flight, acrobatic
a: Renounce Religion


You were on level 7 of the Dungeon.
You worshipped Vehumet.
Vehumet was noncommittal.
You visited 2 branches of the dungeon, and saw 8 of its levels.
You also visited: Sewer.

You collected 296 gold pieces.


Innate Abilities, Weirdness & Mutations

You have a beak for a mouth.
You have claws for feet.
Your magical flight helps you evade attacks. (EV +4)
You can magically evade attacks while moving or waiting.


   Skills:
 - Level 5.0 Fighting
 - Level 2.0 Armour
 - Level 4.0 Dodging
 - Level 2.0 Stealth
 - Level 3.0 Spellcasting
 + Level 7.3 Conjurations
 + Level 9.4 Air Magic


You had 10 spell levels left.
You knew the following spells:

 Your Spells              Type           Power      Damage    Failure   Level
t - Static Discharge      Conj/Air       92%        3-7/arc   1%          2
z - Shock                 Conj/Air       100%       1d9       1%          1

Your spell library contained the following spells:

 Spells                   Type           Power      Damage    Failure   Level
 Swiftness                Air            34%        N/A       1%          3
 Airstrike                Air            17%        2d(3-19)  3%          4
 Wereblood                Tmut           2%         N/A       26%         2
 Irradiate                Conj/Tmut      11%        3d15      71%         5

Inventory:

Hand Weapons
 a - a +3 dagger of venom
 B - a +2 antimagic dagger
Missiles
 d - a throwing net {=f}
 p - 2 silver javelins
 s - 17 poisoned darts
 D - 2 curare-tipped darts {=f}
Armour
 o - a +1 robe (worn)
 r - a +0 cloak (worn)
Magical Staves
 b - a staff of conjuration (weapon) {!a}
Jewellery
 i - an amulet of reflection (around neck)
 L - a ring of flight (left hand)
Wands
 x - a wand of digging (4)
 E - a wand of flame (16)
Scrolls
 j - 2 scrolls of fear {unknown}
 k - 2 scrolls of enchant armour
 l - 2 scrolls of identify {unknown}
 m - a scroll of noise {unknown}
 t - a scroll of amnesia {unknown}
 v - a scroll of brand weapon
 w - 2 scrolls of teleportation {@r2}
 y - a scroll of fog {unknown}
 C - a scroll of blinking
Potions
 c - a potion of haste {unknown}
 e - 3 potions of degeneration {unknown}
 f - a potion of might {unknown}
 g - 3 potions of curing {unknown}
 h - a potion of ambrosia {unknown}
 n - 2 potions of cancellation {unknown}
 q - 2 potions of mutation {unknown}
 u - 3 potions of heal wounds {unknown}
 z - a potion of magic
 A - a potion of enlightenment {unknown}

Dungeon Overview and Level Annotations

Branches:
Dungeon (7/15)             Temple (1/1) D:6           Sewer (visited)

Altars:
Cheibriados
Dithmenos
Elyvilon
Gozag
Hepliaklqana
Kikubaaqudgha
Makhleb
Nemelex Xobeh
Qazlal
Ru
Sif Muna
Trog
Vehumet
Wu Jian
Xom
The Shining One

Portals:
Abyss: D:5

Annotations:
D:2 Sigmund
D:4 Eustachio, Menkaure
D:5 2 runed translucent doors, 2 transporters, Moreman's ghost, novice HOFi

........# #####......#
........# #..........#
........####..........#
........##...†........#
..........(#..........#
<..........#.##...#####
..........>..#....#
#..........###.#.#### .
...........##..#@# .###...
....)......##.##.##.......
#.....).....#.##o....#
........(.....#o..#.##
....####..........#.#
....# #.<##.....##O# ....#
##..).......#.#
....###..≈≈§.(≈...#.#
....##.≈▒^§§^..▒≈.....


You could see an orc warrior and an orc priest.


Message History

You start resting.
An orc wizard is nearby!
You feel a surge of power!
The zap hits the orc wizard.
The orc wizard is severely wounded.
The zap hits the orc wizard!
You kill the orc wizard!
Vehumet accepts your kill.
The orc warrior hits you from afar with a +0 halberd!
Casting: Shock (safe; 1% risk of failure)
Confirm with . or Enter, or press ? or * to list all spells.
Aiming: Shock (safe; 1% risk of failure)
Press: ? - help, Shift-Dir - straight line You feel a surge of power!
The zap hits the orc warrior but does no damage.
The orc warrior hits you from afar with a +0 halberd!
* * * LOW HITPOINT WARNING * * *
Unknown command.
The orc priest calls down the wrath of Beogh upon you.
Beogh smites you!
* * * LOW HITPOINT WARNING * * *
The orc warrior attacks as it pursues you!
The orc warrior closely misses you.
The orc warrior attacks as it pursues you!
The orc warrior closely misses you.
The orc warrior attacks as it pursues you!
The orc warrior misses you.
As you read the scroll of teleportation {@r2}, it crumbles to dust.
You feel strangely unstable.
The orc warrior hits you from afar with a +0 halberd!
You die...

Skill      XL: |  1  2  3  4  5  6  7  8 |
---------------+-------------------------+-----
Air Magic      | 5 6 7 9 |  9.4
Armour         | 2 |  2.0
Fighting       | 1 3 5 |  5.0
Conjurations   | 2 3 4 7 |  7.3
Dodging        | 3 4 |  4.0
Spellcasting   | 3 |  3.0
Stealth        | |  2.0

Action                     |  1- 3 |  4- 6 |  7- 9 || total
---------------------------+-------+-------+-------++-------
  Melee: Kick              |     2 |     6 |     2 ||    10
         Unarmed           |     2 |     1 |       ||     3
         Dagger            |       |     9 |     6 ||    15
         Peck              |       |     1 |     3 ||     4
   Cast: Shock             |    89 |   208 |   148 ||   445
         Static Discharge  |       |     4 |    14 ||    18
    Use: Scroll            |       |     4 |     1 ||     5
 Armour: Robe              |     1 |    19 |    43 ||    63
  Dodge: Dodged            |    25 |    39 |    37 ||   101
  Block: Other             |       |    13 |    10 ||    23
         Reflection        |       |     4 |       ||     4

Levels and vault maps discovered:
D:1:      lemuel_arrival_river_ford, layout_rooms, serial_forest,
          infiniplex_forest_clump_double, infiniplex_forest_lined_2,
          infiniplex_forest_lined_room_2, infiniplex_forest_lined_corner,
          infiniplex_forest_end_3, infiniplex_forest_lined_3,
          infiniplex_forest_clump_long, infiniplex_forest_fountain,
          minmay_tall_x
D:2:      minmay_spotlight, layout_loops_ring, basic_altar,
          lexackson_kobold_supper, uniq_robin, uniq_sigmund
D:3:      layout_loops_corners, gup_sewer_entry_bowl,
          chequers_ecumenical_altar_simple_redux, hangedman_glass_teeth,
          minmay_curled_crystal
D:4:      layout_loops_ring, serial_rivers, chequers_serial_rivers_micro_e,
          chequers_serial_rivers_large_b, chequers_serial_rivers_micro_a,
          chequers_serial_rivers_micro_c, chequers_serial_rivers_room_a,
          chequers_jeans, serial_library_hellmonk_small_corner, uniq_eustachio,
          uniq_menkaure
D:5:      lemuel_insect_pit, layout_basic, makhleb_altar_promises_db,
          gammafunk_ghost_abyssal_escape
D:6:      layout_loops_cross, minmay_temple_entry_poolview, uniq_edmund
D:7:      layout_rooms, grunt_qazlal_sundering, st_stairs_13
Temple:   compressed_dpeg_circular_temple

Notes
Turn   | Place    | Note
-------+----------+-------------------------------------------
     0 | D:1      | quinnr the Tengu Air Elementalist began the quest for the
                  | Orb.
     0 | D:1      | Reached XP level 1. HP: 10/10 MP: 4/4
   176 | D:1      | Reached XP level 2. HP: 15/15 MP: 4/6
   286 | D:1      | Reached skill level 5 in Air Magic
   513 | D:1      | Reached XP level 3. HP: 19/19 MP: 2/7
  1076 | D:2      | Found a white marble altar of Elyvilon.
  1152 | D:2      | Noticed Sigmund
  1513 | D:2      | Reached skill level 6 in Air Magic
  1794 | D:2      | Noticed Robin
  1913 | D:2      | Reached XP level 4. HP: 24/24 MP: 4/8
  1925 | D:2      | Killed Robin
  2892 | D:3      | Reached skill level 7 in Air Magic
  2908 | D:3      | Found a glowing drain.
  2917 | Sewer    | Entered a sewer
  2976 | Sewer    | Learned a level 2 spell: Static Discharge
  3115 | Sewer    | Reached XP level 5. HP: 28/28 MP: 5/9
  3376 | Sewer    | Reached skill level 1 in Armour
  3471 | Sewer    | Reached skill level 1 in Fighting
  3471 | Sewer    | Reached skill level 2 in Conjurations
  3555 | Sewer    | Noticed a kobold brigand
  3563 | Sewer    | Noticed a kobold brigand
  3657 | Sewer    | Killed a kobold brigand
  3827 | Sewer    | Killed a kobold brigand
  3828 | Sewer    | Reached skill level 2 in Armour
  3828 | Sewer    | Reached skill level 3 in Dodging
  3828 | Sewer    | Reached XP level 6. HP: 26/35 MP: 3/10
  4045 | Sewer    | Reached skill level 3 in Conjurations
  4521 | D:3      | Reached skill level 2 in Fighting
  4624 | D:3      | Found a faded altar of an unknown god.
  5529 | D:4      | Noticed Eustachio
  5664 | D:4      | Noticed Menkaure
  5980 | D:5      | Entered Level 5 of the Dungeon
  6012 | D:5      | Reached skill level 3 in Fighting
  6012 | D:5      | Reached skill level 4 in Dodging
  6012 | D:5      | Gained mutation: Your magical flight helps you evade
                  | attacks. (EV +4) [Tengu growth]
  6012 | D:5      | Reached XP level 7. HP: 17/41 MP: 0/11
  6339 | D:5      | Reached skill level 4 in Fighting
  6631 | D:5      | Found a runed translucent door.
  6639 | D:5      | Found a runed translucent door.
  6761 | D:5      | Found a burning altar of Makhleb.
  6762 | D:5      | Noticed an Executioner
  6783 | D:5      | Reached skill level 5 in Fighting
  6906 | D:5      | Found a transporter.
  6909 | D:5      | Found a one-way gate to the infinite horrors of the Abyss.
  6909 | D:5      | Noticed Moreman's ghost (novice HOFi)
  6929 | D:5      | Noticed a small abomination
  7001 | D:5      | Found a transporter.
  7001 | D:5      | Noticed an ancient zyme
  7183 | D:5      | Reached skill level 4 in Conjurations
  7183 | D:5      | Reached XP level 8. HP: 49/49 MP: 7/13
  7349 | D:6      | Reached skill level 3 in Spellcasting
  7576 | D:6      | Reached skill level 5 in Conjurations
  7576 | D:6      | Reached skill level 8 in Air Magic
  7695 | D:6      | Found a staircase to the Ecumenical Temple.
  7763 | Temple   | Entered the Ecumenical Temple
  7777 | Temple   | Became a worshipper of Vehumet
  7997 | D:6      | Reached skill level 6 in Conjurations
  8182 | D:6      | Noticed Edmund
  8203 | D:6      | Killed Edmund
  8554 | D:7      | Reached skill level 9 in Air Magic
  8681 | D:7      | Found a stormy altar of Qazlal.
  8727 | D:7      | Reached skill level 7 in Conjurations
  8874 | D:7      | HP: 3/49 [orc priest/divine providence (12)]
  8880 | D:7      | Mangled by an orc warrior

Vanquished Creatures
  Edmund (D:6)
  A water moccasin (D:6)
  A black bear (D:6)
  A phantom (D:6)
  A centaur (D:7)
  A bullfrog (D:7)
  2 kobold brigands (Sewer)
  4 scorpions
  A howler monkey (D:6)
  3 hounds (D:5)
  3 jellies
  An orc priest (D:5)
  4 iguanas
  2 sleepcaps
  3 orc wizards
  Robin (D:2)
  2 river rats (Sewer)
  10 adders
  2 white imps
  2 worms (D:2)
  2 dart slugs
  14 orcs
  7 bats
  7 endoplasms
  4 giant cockroaches
  15 goblins
  8 hobgoblins
  12 jackals
  8 quokkas
  5 ball pythons
  10 frilled lizards
  18 kobolds
  9 rats
165 creatures vanquished.

Table legend: (Time is in decaauts)
 A = Elapsed time spent in this place.
 B = Non-inter-level travel time spent in this place.
 C = Inter-level travel time spent in this place.
 D = Time resting spent in this place.
 E = Time spent auto-exploring this place.
 F = Levels seen in this place.
 G = Mean time per level.
                   A        B        C        D        E       F      G
               +--------+--------+--------+--------+--------+-----+--------+
         Total |   8880 |   8654 |    226 |    491 |   6968 |   9 |  986.7 |
       Dungeon |   7542 |   7344 |    198 |    192 |   6137 |   7 | 1077.4 |
        Temple |     28 |      1 |     27 |      0 |      0 |   1 |   28.0 |
         Sewer |   1308 |   1308 |      0 |    299 |    831 |   1 | 1308.0 |
               +--------+--------+--------+--------+--------+-----+--------+

Top non-repeatable levels by time:
     D:2: 1700 daAuts
   Sewer: 1308 daAuts
     D:5: 1262 daAuts
     D:6: 1236 daAuts
     D:4: 1206 daAuts
     D:1: 1078 daAuts
     D:3: 738 daAuts
     D:7: 320 daAuts
  Temple: 28 daAuts

Table legend:
 A = Non-vault XP
 B = Vault XP
 C = Vault XP percentage of total XP
 D = Non-vault monster count
 E = Vault monster count
 F = Vault count percentage of total count
                 A         B        C        D         E       F
            +---------+---------+-------+---------+---------+-------
      Total |    1822 |     512 |  21.9 |     108 |      57 |  34.5
            +---------+---------+-------+---------+---------+-------
        D:1 |      43 |       6 |  12.2 |      24 |       4 |  14.3
        D:2 |      20 |      55 |  73.3 |      12 |      23 |  65.7
        D:3 |      59 |       5 |   7.8 |      17 |       3 |  15.0
        D:4 |     148 |       0 |   0.0 |      14 |       0 |   0.0
        D:5 |     640 |       0 |   0.0 |      21 |       0 |   0.0
        D:6 |     616 |     157 |  20.3 |      13 |       1 |   7.1
        D:7 |     296 |      33 |  10.0 |       7 |       1 |  12.5
      Sewer |       0 |     256 | 100.0 |       0 |      25 | 100.0
            +---------+---------+-------+---------+---------+-------

Levels and vault maps discovered:
D:1:      lemuel_arrival_river_ford, layout_rooms, serial_forest,
          infiniplex_forest_clump_double, infiniplex_forest_lined_2,
          infiniplex_forest_lined_room_2, infiniplex_forest_lined_corner,
          infiniplex_forest_end_3, infiniplex_forest_lined_3,
          infiniplex_forest_clump_long, infiniplex_forest_fountain,
          minmay_tall_x
D:2:      minmay_spotlight, layout_loops_ring, basic_altar,
          lexackson_kobold_supper, uniq_robin, uniq_sigmund
D:3:      layout_loops_corners, gup_sewer_entry_bowl,
          chequers_ecumenical_altar_simple_redux, hangedman_glass_teeth,
          minmay_curled_crystal
D:4:      layout_loops_ring, serial_rivers, chequers_serial_rivers_micro_e,
          chequers_serial_rivers_large_b, chequers_serial_rivers_micro_a,
          chequers_serial_rivers_micro_c, chequers_serial_rivers_room_a,
          chequers_jeans, serial_library_hellmonk_small_corner, uniq_eustachio,
          uniq_menkaure
D:5:      lemuel_insect_pit, layout_basic, makhleb_altar_promises_db,
          gammafunk_ghost_abyssal_escape
D:6:      layout_loops_cross, minmay_temple_entry_poolview, uniq_edmund
D:7:      layout_rooms, grunt_qazlal_sundering, st_stairs_13
Temple:   compressed_dpeg_circular_temple
